 Dungeon Crawl Stone Soup version 0.29.1-1-gd02db6906a (webtiles) character file.

Game seed: 14885368664310100170

336278 Ashen the Gelid (level 20, -1/147 HPs)
             Began as a Demonspawn Ice Elementalist on Oct 2, 2022.
             Was the Champion of Vehumet.
             Slain by Vv (17 damage)
             ... on level 2 of the Depths on Oct 3, 2022.
             The game lasted 03:58:01 (64003 turns).

Ashen the Gelid (Demonspawn Ice Elementalist)      Turns: 64003, Time: 03:58:01

Health: -1/147     AC: 15    Str: 10    XL:     20   Next: 98%
Magic:  46/46      EV: 22    Int: 24    God:    Vehumet [******]
Gold:   1319       SH: 14    Dex: 17    Spells: 6/46 levels left

rFire   + + .      SeeInvis +   r - staff of cold
rCold   + + .      Faith    .   Q - +2 buckler {reflect}
rNeg    . . .      Spirit   .   (no body armour)
rPois   +          Reflect  +   k - +2 hat {SInv}
rElec   .          Harm     .   s - scarf {rC+ rF+}
rCorr   +          Rampage  .   Z - +0 pair of gloves {Dex+3}
Will    +....                   (boots unavailable)
Stlth   +++.......              Y - amulet "Zefes" {Reflect rPois rF+ Regen+ rCorr SH+5}
HPRegen 5.14/turn               S - ring of magical power
MPRegen 0.30/turn               d - ring of wizardry

@: mighty, agile, about to teleport, sanguine armoured, studying Short Blades
A: hooves 3, powered by death 3, powered by pain 3, augmentation 2, sanguine
armour 3
}: 2/15 runes: barnacled, gossamer
a: Renounce Religion


You were on level 2 of the Depths.
You worshipped Vehumet.
Vehumet was exalted by your worship.
You visited 8 branches of the dungeon, and saw 37 of its levels.
You visited the Abyss 1 time.
You visited 1 bazaar.
You also visited: Gauntlet, Ice Cave and Volcano.

You collected 3782 gold pieces.
You spent 2463 gold pieces at shops.

Inventory:

Hand Weapons
 p - a +6 spectral demon trident
Missiles
 t - 9 silver javelins (quivered)
Armour
 k - a +2 hat of see invisible (worn)
 s - a scarf of resistance (worn)
 z - a +2 robe of willpower
 F - the +2 ring mail of Qeth {+Blink Str+3}
   (You found it on level 3 of the Shoals)

   Str:       It affects your strength (+3).
   +Blink:    It lets you blink.
 G - +4 fire dragon scales
 J - a +2 robe of resistance
 Q - a +2 buckler of reflection (worn)
 W - a scarf of shadows
 Z - a +0 pair of gloves of dexterity (worn)
Magical Staves
 r - a staff of cold (weapon)
Jewellery
 d - a ring of wizardry (right hand)
 x - a ring of poison resistance
 S - a ring of magical power (left hand)
 X - a ring of wizardry
 Y - the amulet "Zefes" (around neck) {Reflect rPois rF+ Regen+ rCorr SH+5}
   (You found it in a Gauntlet)

   [amulet of reflection]

   It reflects blocked missile attacks.
   rF:        It protects you from fire.
   rPois:     It protects you from poison.
   Regen:     It increases your rate of health regeneration.
   rCorr:     It protects you from acid and corrosion.
   SH:        It affects your SH (+5).
Wands
 b - a wand of acid (20)
 q - a wand of digging (10)
 v - a wand of polymorph (11)
 K - a wand of mindburst (4)
 P - a wand of charming (18)
Scrolls
 e - 2 scrolls of fog
 f - 3 scrolls of magic mapping
 g - 8 scrolls of teleportation
 h - a scroll of summoning
 i - 7 scrolls of amnesia
 l - 8 scrolls of fear
 m - 3 scrolls of immolation
 w - 7 scrolls of poison
 M - 2 scrolls of torment
 N - 5 scrolls of vulnerability
 V - 2 scrolls of enchant armour
Potions
 a - 17 potions of ambrosia
 c - 10 potions of might
 j - 8 potions of mutation
 n - 8 potions of lignification
 u - 2 potions of cancellation
 A - 4 potions of resistance
 C - 4 potions of attraction
 D - 6 potions of flight
 E - 5 potions of brilliance
 L - 10 potions of haste
 R - 2 potions of magic
 T - 6 potions of curing
 U - 4 potions of invisibility
Miscellaneous
 o - a phial of floods
 y - a lightning rod (4/4)
 B - a condenser vane
 O - a tin of tremorstones (2/2)


   Skills:
 - Level 10.0 Fighting
 + Level 12.6 Polearms
 + Level 7.1 Armour
 - Level 10.0 Dodging
 - Level 5.0 Stealth
 - Level 10.0 Shields
 + Level 13.7 Spellcasting
 - Level 15.0 Conjurations
 * Level 18.9 Ice Magic
 - Level 5.0 Air Magic
 + Level 9.1 Evocations


You had 6 spell levels left.
You knew the following spells:

 Your Spells              Type           Power      Damage    Failure   Level
a - Polar Vortex          Ice            51%        N/A       19%         9
b - Frozen Ramparts       Ice            100%       1d16      0%          3
c - Ozocubu's Armour      Ice            100%       N/A       0%          3
d - Hailstorm             Conj/Ice       98%        3d19      1%          4
e - Mephitic Cloud        Conj/Pois/Air  48%        N/A       1%          3
f - Orb of Destruction    Conj           36%        9d11      1%          7
g - Sticky Flame          Conj/Fire      51%        2d7       1%          4
h - Ozocubu's Refrigerat  Ice            51%        4d18      1%          7

Your spell library contained the following spells:

 Spells                   Type           Power      Damage    Failure   Level
 Chain Lightning          Conj/Air       29%        3d39      99%         9
 Ignition                 Fire           8%         3d5       100%        8
 Shatter                  Erth           8%         3d10*     100%        9
 Freeze                   Ice            100%       1d11      0%          1
 Magic Dart               Conj           100%       1d8       0%          1
 Apportation              Tloc           32%        N/A       1%          1
 Beastly Appendage        Tmut           32%        N/A       1%          1
 Foxfire                  Conj/Fire      100%       2x1d9     1%          1
 Necrotise                Necr           64%        1d7       1%          1
 Sandblast                Erth           32%        2d9       1%          1
 Summon Small Mammal      Summ           64%        N/A       1%          1
 Ensorcelled Hibernation  Hex/Ice        100%       N/A       1%          2
 Poisonous Vapours        Pois/Air       56%        N/A       1%          2
 Scorch                   Fire           32%        2d6       1%          2
 Conjure Flame            Conj/Fire      51%        6-21      1%          3
 Dazzling Flash           Conj/Hex       100%       N/A       1%          3
 Ignite Poison            Fire/Tmut/Pois 16%        N/A       1%          3
 Inner Flame              Hex/Fire       16%        N/A       1%          3
 Flame Wave               Conj/Fire      51%        2d13      1%          4
 Ice Form                 Ice/Tmut       75%        N/A       1%          4
 Iskenderun's Mystic Bla  Conj/Tloc      51%        2d11      1%          4
 Summon Ice Beast         Ice/Summ       75%        N/A       1%          4
 Freezing Cloud           Conj/Ice/Air   43%        6-21      1%          5
 Irradiate                Conj/Tmut      25%        3d20      1%          5
 Blink                    Tloc           32%        N/A       2%          2
 Call Imp                 Summ           16%        N/A       2%          2
 Sublimation of Blood     Necr           16%        N/A       2%          2
 Wereblood                Tmut           16%        N/A       2%          2
 Starburst                Conj/Fire      25%        6d8       3%          6
 Call Canine Familiar     Summ           16%        N/A       5%          3
 Confusing Touch          Hex            16%        N/A       5%          3
 Lesser Beckoning         Tloc           16%        N/A       5%          3
 Portal Projectile        Hex/Tloc       32%        N/A       5%          3
 Spider Form              Tmut/Pois      16%        N/A       5%          3
 Summon Guardian Golem    Hex/Summ       16%        N/A       5%          3
 Tukima's Dance           Hex            16%        N/A       5%          3
 Vampiric Draining        Necr           16%        2d7       5%          3
 Simulacrum               Ice/Necr       37%        N/A       5%          6
 Corpse Rot               Necr/Pois/Air  24%        N/A       9%          4
 Yara's Violent Unravell  Hex/Tmut       8%         3d5       13%         5
 Anguish                  Hex/Necr       8%         N/A       16%         4
 Animate Dead             Necr           16%        N/A       16%         4
 Dispel Undead            Necr           16%        3d10      16%         4
 Leda's Liquefaction      Hex/Erth       8%         N/A       16%         4
 Passage of Golubria      Tloc           16%        N/A       16%         4
 Petrify                  Tmut/Erth      16%        N/A       16%         4
 Silence                  Hex/Air        14%        N/A       16%         5
 Agony                    Necr           16%        N/A       41%         5
 Alistair's Intoxication  Tmut/Pois      10%        N/A       41%         5
 Blade Hands              Tmut           8%         N/A       41%         5
 Borgnjor's Vile Clutch   Necr/Erth      8%         N/A       41%         5
 Manifold Assault         Tloc           16%        N/A       41%         5
 Eringya's Noxious Bog    Tmut/Pois      8%         N/A       50%         6
 Death Channel            Necr           8%         N/A       92%         6
 Statue Form              Tmut/Erth      10%        N/A       92%         6
 Summon Cactus Giant      Summ           8%         N/A       92%         6
 Lehudib's Crystal Spear  Conj/Erth      25%        10d7      71%         8
 Enfeeble                 Hex            8%         N/A       100%        7
 Haunt                    Necr/Summ      8%         N/A       100%        7
 Infestation              Necr           8%         N/A       100%        8


Dungeon Overview and Level Annotations

Branches:
Dungeon (15/15)            Temple (1/1) D:5            Lair (5/5) D:9
 Shoals (4/4) Lair:2       Spider (4/4) Lair:3        Slime (0/5) Lair:5
    Orc (2/2) D:11            Elf (0/3) Orc:2        Vaults (4/5) D:14
  Crypt (0/3) Vaults:3     Depths (1/4) D:15          IceCv (visited)
Volcano (visited)         Gauntlet (visited)

Altars:
Ashenzari
Cheibriados
Dithmenos
Fedhas
Gozag
Hepliaklqana
Kikubaaqudgha
Makhleb
Nemelex Xobeh
Okawaru
Qazlal
Ru
Sif Muna
Trog
Uskayaw
Vehumet
Wu Jian
Xom
Yredelemnul

Shops:
D:4 (:(((   D:7 [   D:11 =   D:12 =   D:13 *   Orc:2 *:[   Shoals:2 :!?
Shoals:3 (   Vaults:4 :

Portals:
Hell: Depths:1
Trove: D:11 (give +4 fire dragon scales)

Annotations:
D:8 exclusion: two-headed ogre, Joseph
D:9 2 transporters, 1 runed translucent door, EtherCrawl's ghost, novice DrBe
Vaults:3 1 runed translucent door, jombi's ghost, adept KoBe
Depths:2 Vv


Innate Abilities, Weirdness & Mutations

You have hooves in place of feet.
You regenerate a lot of health from kills.
You are powered by pain.
Your magical and physical power is enhanced at high health.
When seriously injured, your blood forms very thick armour. (AC +12)


Message History

Okay, then.
Press: ? - help, v - describe, . - travel The floor, spattered with blood.
Okay, then.
Press: ? - help, v - describe, . - travel
Here: Vv (heavily damaged)
The floor.
As you read the scroll of teleportation, it crumbles to dust.
You feel strangely unstable.
The wall freezes Vv but does no damage.
Vv hits you.
* * * LOW HITPOINT WARNING * * *
Vv freezes you! You resist.
* * * LOW HITPOINT WARNING * * *
You block Vv's attack.
You feel much better. The winds around you calm down.
The ice encasing you melts away.
Vv completely resists.
The wall freezes Vv but does no damage.
Vv hits you!!
* * * LOW HITPOINT WARNING * * *
Vv freezes you! You resist.
* * * LOW HITPOINT WARNING * * *
Vv misses you.
You feel much better.
Vv resists.
The wall freezes Vv.
Vv completely misses you. Vv hits you.
* * * LOW HITPOINT WARNING * * *
You are engulfed in flames!
You resist.
* * * LOW HITPOINT WARNING * * *
An ettin comes into view. It is wielding two +0 dire flails.
Unknown command.
Press: ? - help, v - describe, . - travel
Here: Vv (heavily damaged)
The floor.
Your frozen ramparts will break if you move.
Continue?
The frozen ramparts melt away as you move.
Vv attacks as you move away! Vv hits you.
* * * LOW HITPOINT WARNING * * *
Vv freezes you! You resist.
* * * LOW HITPOINT WARNING * * *
Vv hits you!
You die...

#. .##
#...######.....
#.....@9..)....
#..............
#...........≈..
#...#####..~≈~#
#... C~~~## #..
~~.... #. ..###
#. ...


You could see Vv and an ettin.

Vanquished Creatures
  Bai Suzhen (Vaults:2)
  the Enchantress (Depths:1)
  Jorgrun (Shoals:1)
  A titan (Shoals:1)
  3 krakens
  Frances (D:13)
  Gastronok (D:11)
  Kirke (D:13)
  5 sphinxes
  Donald (Spider:3)
  Roxanne (D:15)
  A tengu reaver (Vaults:1)
  2 revenants (Vaults:3)
  3 orc warlords
  6 ghost moths
  6 emperor scorpions (Spider:4)
  7 vault wardens
  3 frost giants
  Louise (Shoals:2)
  4 very ugly things
  10 ironbound preservers
  3 spriggan defenders (Depths:1)
  3 stone giants
  6 ironbound thunderhulks
  5 broodmothers
  8 dire elephants
  A spark wasp (Spider:1)
  2 entropy weavers
  A minotaur (Gauntlet)
  11 merfolk impalers
  An ettin (Orc:2)
  A fire dragon (D:15)
  An eidolon (Vaults:3)
  A spriggan zombie (Abyss:2)
  8 great orbs of eyes
  Josephine (D:13)
  8 yaktaur captains
  3 merfolk javelineers
  A ghost crab (Gauntlet)
  6 jorogumos
  A rakshasa (D:15)
  5 hydras
  4 vault guards
  18 centaur warriors
  A spriggan air mage (Depths:1)
  4 radroaches
  7 boulder beetles
  3 merfolk avatars
  6 merfolk aquamancers
  8 death yaks
  6 two-headed ogres
  2 alligator snapping turtles
  A vampire mage (Vaults:3)
  A satyr (Shoals:4)
  2 deep troll earth magi
  2 deep troll shamans
  4 orc high priests (Orc:2)
  3 spriggan berserkers
  A hell hog (Gauntlet)
  2 tengu warriors
  2 thrashing horrors (Abyss:2)
  5 hell knights (Vaults:3)
  Nergalle (D:12)
  A wretched star (Abyss:2)
  7 pharaoh ants
  An iron troll (Depths:1)
  7 steelbarb worms
  7 sea snakes
  32 deep trolls
  6 ironbound convokers
  4 orb spiders
  A quicksilver dragon simulacrum (Vaults:4)
  8 wizards
  2 necromancers
  10 orc knights
  21 harpies
  6 deep elf pyromancers
  27 wolf spiders
  6 lindwurms
  29 ugly things
  5 orc sorcerers
  5 fauns
  9 cyclopes
  20 manticores
  6 moths of wrath
  An ice statue (IceCv)
  22 elephants
  21 vault sentinels
  A worldbinder (Abyss:2)
  5 merfolk sirens
  3 black mambas (Lair:5)
  5 gargoyles
  10 water nymphs
  11 cane toads
  6 torpor snails
  A smoke demon (Volcano)
  3 kobold demonologists (D:13)
  6 demonic crawlers
  A rime drake (Lair:4)
  5 freezing wraiths
  10 ice devils (IceCv)
  5 komodo dragons
  A tengu conjurer (D:15)
  2 red devils (Volcano)
  30 yaktaurs
  An anaconda simulacrum (IceCv)
  2 guardian mummies (D:11)
  A merfolk (shapeshifter) (Vaults:1)
  24 merfolk
  6 trolls
  6 polar bears
  7 meliai
  A queen bee (D:13)
  13 wind drakes
  A wind drake (shapeshifter) (D:15)
  21 tarantellas
  3 hornets
  11 dream sheep
  A snapping turtle (shapeshifter) (Spider:1)
  21 blink frogs
  13 snapping turtles
  Prince Ribbit (D:7)
  26 slime creatures
  36 jumping spiders
  A jumping spider (shapeshifter) (D:15)
  7 shadows
  A vampire (D:9)
  3 spriggans (Depths:1)
  6 water elementals
  22 yaks
  6 wyverns
  5 hogs (D:13)
  4 wraiths
  21 culicivoras
  2 fire bats (Gauntlet)
  3 steam dragons
  A dire elephant simulacrum (IceCv)
  69 redbacks
  A yaktaur simulacrum (Vaults:4)
  6 death yak simulacra (IceCv)
  6 basilisks
  10 vampire mosquitoes
  3 harpy simulacra (IceCv)
  2 hydra simulacra (IceCv)
  2 hell hounds
  Duvessa (D:4)
  9 water moccasins
  A black bear (D:5)
  55 orc warriors
  2 sky beasts (D:7)
  9 ogres
  5 boggarts (Vaults:2)
  5 wolves (Lair:3)
  4 centaurs
  2 phantoms (D:5)
  2 kobold brigands
  A gnoll sergeant (D:7)
  5 scorpions
  10 bullfrogs
  A cane toad simulacrum (IceCv)
  5 necrophages (Lair:4)
  A two-headed ogre simulacrum (IceCv)
  20 wights
  A troll zombie (D:11)
  Dowan (D:4)
  3 elephant simulacra (IceCv)
  17 killer bees
  3 howler monkeys
  A vampire bat (D:5)
  5 electric eels
  A jelly (D:4)
  A human zombie (D:9)
  3 hounds
  38 orc priests
  An iguana (D:4)
  30 orc wizards
  5 polar bear simulacra (IceCv)
  2 troll simulacra (IceCv)
  5 wolf simulacra (IceCv)
  5 ogre zombies (D:11)
  3 gnolls (D:7)
  8 adders
  2 naga simulacra (IceCv)
  An ufetubus (IceCv)
  2 worms
  3 dart slugs
  117 orcs
  2 bat skeletons (D:5)
  3 bat zombies (D:5)
  4 endoplasms
  A giant cockroach (D:1)
  6 hobgoblins
  A quokka (D:2)
  5 ball pythons
  4 bats
  2 frilled lizards (D:3)
  9 goblins
  A goblin skeleton (D:11)
  3 goblin zombies (D:11)
  A hobgoblin zombie (D:11)
  16 kobolds
  An orc skeleton (D:11)
  12 orc zombies (D:11)
  6 rats
  3 plants (Shoals:4)
  3 tentacles
1444 creatures vanquished.

Vanquished Creatures (others)
  Margery (Vaults:3)
  A tengu conjurer (D:14)
  A yaktaur (Vaults:3)
  2 orcs (Orc:1)
  36 fungi
  165 plants
  15 tentacles
221 creatures vanquished.

Grand Total: 1665 creatures vanquished

Notes
Turn   | Place    | Note
-------+----------+-------------------------------------------
     0 | D:1      | Ashen the Demonspawn Ice Elementalist began the quest for
                  | the Orb.
     0 | D:1      | Reached XP level 1. HP: 13/13 MP: 3/3
   485 | D:1      | Gained mutation: When seriously injured, your blood forms
                  | armour. (AC +12) [demonic ancestry]
   485 | D:1      | Reached XP level 2. HP: 19/19 MP: 3/5
   806 | D:1      | Found a faded altar of an unknown god.
  1423 | D:2      | Reached XP level 3. HP: 15/24 MP: 6/6
  2080 | D:3      | Reached skill level 4 in Ice Magic
  2080 | D:3      | Gained mutation: You sometimes gain a little power by
                  | taking damage. [demonic ancestry]
  2080 | D:3      | Reached XP level 4. HP: 30/30 MP: 4/7
  2109 | D:3      | Found a radiant altar of Vehumet.
  2204 | D:3      | Found an opulent altar of Gozag.
  2471 | D:3      | Learned a level 3 spell: Frozen Ramparts
  2475 | D:3      | Learned a level 3 spell: Ozocubu's Armour
  2940 | D:4      | Found Wucuul's Weapon Emporium.
  3001 | D:4      | Bought a +1 dagger of venom for 94 gold pieces
  3038 | D:4      | Noticed Dowan
  3039 | D:4      | Noticed Duvessa
  3123 | D:4      | Found Padoin's Weapon Emporium.
  3132 | D:4      | Noticed a scorpion
  3141 | D:4      | Killed a scorpion
  3142 | D:4      | Gained mutation: You have large cloven feet. [demonic
                  | ancestry]
  3142 | D:4      | Reached XP level 5. HP: 23/36 MP: 5/9
  3256 | D:4      | Found Togul's Weapon Shoppe.
  3388 | D:4      | Found Seimnuve's Book Emporium.
  3410 | D:4      | Found Hutag's Antique Weapon Boutique.
  3443 | D:4      | You fall into a shaft and drop 1 floor!
  3443 | D:5      | Entered Level 5 of the Dungeon
  3455 | D:5      | Noticed a phantom
  3475 | D:5      | Noticed an ogre
  3481 | D:5      | Killed an ogre
  3482 | D:5      | Reached skill level 1 in Fighting
  3482 | D:5      | Gained mutation: When seriously injured, your blood forms
                  | thick armour. (AC +12) [demonic ancestry]
  3482 | D:5      | Reached XP level 6. HP: 43/43 MP: 3/11
  3550 | D:5      | Noticed a water moccasin
  3562 | D:5      | Killed a water moccasin
  4236 | D:4      | Killed Duvessa
  4237 | D:4      | Reached skill level 5 in Ice Magic
  4237 | D:4      | Gained mutation: You sometimes gain power by taking damage.
                  | [demonic ancestry]
  4237 | D:4      | Reached XP level 7. HP: 31/50 MP: 5/13
  4247 | D:4      | Killed Dowan
  4270 | D:4      | Learned a level 4 spell: Hailstorm
  4731 | D:4      | Found a hide-covered altar of Uskayaw.
  4921 | D:5      | Found a staircase to the Ecumenical Temple.
  4992 | Temple   | Entered the Ecumenical Temple
  5165 | D:3      | Found a burning altar of Makhleb.
  5165 | D:3      | Found a shimmering altar of Xom.
  5176 | D:3      | Became a worshipper of Vehumet
  5603 | D:5      | Found an ornate altar of the Wu Jian Council.
  5684 | D:5      | Gained mutation: You have hoof-like feet. [demonic
                  | ancestry]
  5684 | D:5      | Reached XP level 8. HP: 57/57 MP: 15/15
  5700 | D:5      | Found an ancient bone altar of Kikubaaqudgha.
  5863 | D:6      | Reached skill level 5 in Spellcasting
  5985 | D:6      | Reached skill level 6 in Ice Magic
  6218 | D:6      | Learned a level 3 spell: Mephitic Cloud
  6923 | D:7      | Identified the +8 sling of Dithmenos's Whim {flame, rElec}
  7916 | D:7      | Found Xytz's Armour Boutique.
  7926 | D:7      | Bought the +0 leather armour of the Apprentice {rF++} for
                  | 318 gold pieces
  8398 | D:7      | Gained mutation: You regenerate a little health from kills.
                  | [demonic ancestry]
  8398 | D:7      | Reached XP level 9. HP: 48/58 MP: 15/18
  8434 | D:7      | Reached skill level 5 in Stealth
  8562 | D:7      | Reached * piety under Vehumet
  8562 | D:7      | Offered knowledge of Sandblast by Vehumet.
  8567 | D:7      | Learned a level 1 spell: Sandblast
  8775 | D:7      | Reached skill level 7 in Ice Magic
  9006 | D:7      | Noticed Prince Ribbit
  9016 | D:7      | Killed Prince Ribbit
  9350 | D:8      | Reached skill level 1 in Conjurations
  9448 | D:8      | Reached skill level 1 in Shields
  9448 | D:8      | Reached skill level 1 in Air Magic
  9566 | D:8      | Noticed Joseph
  9621 | D:8      | Reached skill level 5 in Dodging
 10134 | D:8      | Offered knowledge of Shock by Vehumet.
 10134 | D:8      | Reached ** piety under Vehumet
 10230 | D:8      | Noticed a two-headed ogre
 10288 | D:8      | Found a sacrificial altar of Ru.
 10385 | D:8      | Found a shimmering blue altar of Sif Muna.
 10880 | D:9      | Found a staircase to the Lair.
 10934 | D:9      | Noticed a deep elf pyromancer
 10943 | D:9      | Reached skill level 1 in Polearms
 10943 | D:9      | Gained mutation: You have hooves in place of feet. [demonic
                  | ancestry]
 10943 | D:9      | Reached XP level 10. HP: 50/73 MP: 16/20
 11080 | D:9      | Found a transporter.
 11088 | D:9      | Noticed a seven-headed hydra
 11138 | D:9      | Identified the +2 ring mail of Meager Creativity {Will+
                  | Dex+2}
 11316 | D:9      | Found a runed translucent door.
 11320 | D:9      | Found a basalt altar of Yredelemnul.
 11523 | D:9      | Killed a deep elf pyromancer
 11698 | D:9      | Offered knowledge of Dazzling Flash by Vehumet.
 11959 | D:9      | Noticed a moth of wrath
 11986 | D:9      | Found a transporter.
 11990 | D:9      | Noticed EtherCrawl's ghost (novice DrBe)
 12070 | D:10     | Entered Level 10 of the Dungeon
 12112 | D:10     | Reached skill level 5 in Fighting
 12112 | D:10     | Reached skill level 8 in Ice Magic
 13164 | D:10     | Noticed a red ugly thing
 13189 | D:9      | Killed a red ugly thing
 13925 | D:11     | Found Paveoj's Jewellery Emporium.
 13935 | D:11     | Noticed a cyclops
 13939 | D:11     | Reached *** piety under Vehumet
 13941 | D:11     | Killed a cyclops
 13942 | D:11     | Gained mutation: When seriously injured, your blood forms
                  | very thick armour. (AC +12) [demonic ancestry]
 13942 | D:11     | Reached XP level 11. HP: 50/80 MP: 20/22
 14557 | D:11     | Reached skill level 5 in Conjurations
 14816 | D:11     | Offered knowledge of Sticky Flame by Vehumet.
 14828 | D:11     | Learned a level 4 spell: Sticky Flame
 14829 | D:11     | Found a staircase to the Orcish Mines.
 14863 | D:11     | Noticed Gastronok
 16503 | D:11     | Found a portal to a secret trove of treasure.
 16775 | D:11     | Killed Gastronok
 16899 | D:11     | Reached skill level 9 in Ice Magic
 17415 | D:11     | Found Paveoj's Jewellery Emporium.
 17541 | D:11     | Found a staircase to the Orcish Mines.
 17548 | Orc:1    | Entered Level 1 of the Orcish Mines
 17555 | Orc:1    | Reached **** piety under Vehumet
 17559 | Orc:1    | Offered knowledge of Olgreb's Toxic Radiance by Vehumet.
 17984 | Orc:2    | Entered Level 2 of the Orcish Mines
 17984 | Orc:2    | Noticed a two-headed ogre
 17993 | Orc:2    | Killed a two-headed ogre
 18132 | Orc:2    | Noticed a two-headed ogre
 18133 | Orc:2    | Reached ***** piety under Vehumet
 18137 | Orc:2    | Killed a two-headed ogre
 18139 | Orc:2    | Offered knowledge of Ozocubu's Refrigeration by Vehumet.
 18164 | Orc:2    | Learned a level 7 spell: Ozocubu's Refrigeration
 18226 | Orc:2    | Reached XP level 12. HP: 70/88 MP: 21/24
 18618 | Orc:2    | Noticed a two-headed ogre
 18929 | Orc:2    | Found a staircase to the Elven Halls.
 18983 | Orc:2    | Offered knowledge of Spellforged Servitor by Vehumet.
 19233 | Orc:2    | Noticed an orc warlord
 19452 | Orc:2    | Killed a two-headed ogre
 19684 | Orc:2    | Noticed an orc warlord
 19697 | Orc:2    | Found Yrobbiob's Antique Armour Boutique.
 19755 | Orc:2    | Found Urikheps's Distillery.
 19827 | Orc:2    | Bought a potion of resistance for 160 gold pieces
 19827 | Orc:2    | Bought a potion of heal wounds for 80 gold pieces
 19827 | Orc:2    | Bought a potion of ambrosia for 128 gold pieces
 19827 | Orc:2    | Bought a potion of curing for 48 gold pieces
 19827 | Orc:2    | Bought a potion of might for 64 gold pieces
 19827 | Orc:2    | Bought a potion of curing for 48 gold pieces
 19827 | Orc:2    | Bought a potion of cancellation for 128 gold pieces
 19827 | Orc:2    | Bought a potion of curing for 48 gold pieces
 20432 | Orc:1    | Noticed an ettin
 20444 | Orc:2    | Killed an ettin
 20445 | Orc:2    | Reached skill level 10 in Ice Magic
 20791 | Orc:2    | Noticed an orc high priest
 20800 | Orc:2    | Killed an orc high priest
 20916 | Orc:2    | Noticed an orc high priest
 20921 | Orc:2    | Killed an orc high priest
 20923 | Orc:2    | Found Sorud's Book Emporium.
 21514 | Orc:2    | Killed an orc warlord
 21515 | Orc:2    | Reached skill level 5 in Air Magic
 21668 | Orc:2    | Found Xyeroefyi's Assorted Antiques.
 21668 | Orc:2    | Noticed an orc high priest
 21677 | Orc:2    | Killed an orc high priest
 21737 | Orc:2    | Noticed an orc high priest
 21752 | Orc:2    | Reached skill level 5 in Shields
 21759 | Orc:2    | Killed an orc high priest
 21855 | Orc:2    | Reached XP level 13. HP: 67/96 MP: 15/26
 22191 | Lair:1   | Entered Level 1 of the Lair of Beasts
 22222 | Lair:1   | Found a dark tunnel.
 22230 | Volcano  | Entered a volcano
 22260 | Volcano  | Identified the +2 hat of Omission {rElec Str+5 Int-5
                  | Stlth+}
 22447 | Volcano  | Reached skill level 10 in Spellcasting
 22554 | Lair:1   | Offered knowledge of Orb of Destruction by Vehumet.
 22565 | Lair:1   | Learned a level 7 spell: Orb of Destruction
 22709 | Lair:1   | Reached skill level 5 in Polearms
 22942 | Lair:1   | You fall into a shaft and drop 1 floor!
 22966 | Lair:2   | Identified the +3 hand axe of Joruliant {freeze, rC+}
 23605 | Lair:2   | Found a burning altar of Makhleb.
 23855 | Lair:2   | Found a staircase to the Shoals.
 24630 | Lair:3   | Reached skill level 11 in Ice Magic
 24668 | Lair:3   | Found a frozen archway.
 24692 | IceCv    | Entered an ice cave
 25592 | IceCv    | Found an ancient bone altar of Kikubaaqudgha.
 26535 | IceCv    | Reached XP level 14. HP: 105/105 MP: 20/28
 27079 | Lair:3   | Reached skill level 10 in Conjurations
 27494 | Lair:3   | Offered knowledge of Iskenderun's Battlesphere by Vehumet.
 27602 | Lair:3   | Found a hole to the Spider Nest.
 27868 | Lair:4   | Identified the +2 scale mail of Liberty {Harm rPois}
 27926 | Lair:4   | Found a gate leading to a gauntlet.
 27932 | Gauntlet | Entered a Gauntlet
 27932 | Gauntlet | Found a large runed translucent door.
 27932 | Gauntlet | Found a large runed translucent door.
 27932 | Gauntlet | Found a large runed translucent door.
 27932 | Gauntlet | Found a large runed translucent door.
 27932 | Gauntlet | Found a large runed translucent door.
 27932 | Gauntlet | Found a large runed translucent door.
 27932 | Gauntlet | Found a large runed translucent door.
 27932 | Gauntlet | Found a large runed translucent door.
 27932 | Gauntlet | Found a runed translucent door.
 27932 | Gauntlet | Found a runed translucent gate.
 27932 | Gauntlet | Found a transporter.
 27932 | Gauntlet | Found a transporter.
 27932 | Gauntlet | Found a runed translucent gate.
 27932 | Gauntlet | Found a transporter.
 27932 | Gauntlet | Found a transporter.
 27936 | Gauntlet | Found a transporter.
 27936 | Gauntlet | Found a transporter.
 27946 | Gauntlet | Found a transporter.
 27950 | Gauntlet | Found a transporter.
 27960 | Gauntlet | Found a transporter.
 28032 | Gauntlet | Found a runed translucent door.
 28033 | Gauntlet | Found a large runed translucent door.
 28033 | Gauntlet | Found a large runed translucent door.
 28033 | Gauntlet | Found a large runed translucent door.
 28033 | Gauntlet | Found a large runed translucent door.
 28034 | Gauntlet | Found a large runed translucent door.
 28034 | Gauntlet | Found a large runed translucent door.
 28035 | Gauntlet | Found a large runed translucent door.
 28035 | Gauntlet | Found a large runed translucent door.
 28044 | Gauntlet | Found a runed translucent gate.
 28060 | Gauntlet | Found a transporter.
 28064 | Gauntlet | Found a transporter.
 28074 | Gauntlet | Found a transporter.
 28282 | Gauntlet | Identified the amulet "Zefes" {Reflect rPois rF+ Regen+
                  | rCorr SH+5}
 28370 | Gauntlet | Identified the +2 pair of gloves "Othiq" {-Cast +Inv rPois
                  | SInv}
 28426 | Gauntlet | Identified the +3 leather armour of Indomitability {rN+
                  | Int+2}
 28577 | Lair:4   | Reached skill level 12 in Ice Magic
 29300 | Lair:5   | Entered Level 5 of the Lair of Beasts
 29469 | Lair:4   | Offered knowledge of Yara's Violent Unravelling by Vehumet.
 30963 | Lair:5   | Gained mutation: You regenerate health from kills. [demonic
                  | ancestry]
 30963 | Lair:5   | Reached XP level 15. HP: 73/113 MP: 9/29
 31572 | Lair:5   | Gained mutation: You regenerate a lot of health from kills.
                  | [demonic ancestry]
 31572 | Lair:5   | Reached XP level 16. HP: 120/120 MP: 30/30
 31610 | Lair:5   | Found a staircase to the Slime Pits.
 31887 | Orc:2    | Reached skill level 13 in Ice Magic
 32245 | D:12     | Noticed Nergalle
 32252 | D:12     | Killed Nergalle
 33001 | D:12     | Found Nineox's Jewellery Emporium.
 33439 | D:13     | Found Zaschuk's Demolitions Depot.
 33477 | D:13     | Noticed Josephine
 33480 | D:13     | Killed Josephine
 33783 | D:13     | Noticed Kirke
 33797 | D:13     | Killed Kirke
 34336 | D:13     | Noticed Frances
 34514 | D:13     | Killed Frances
 35250 | D:14     | Offered knowledge of Iron Shot by Vehumet.
 35625 | D:14     | Found a gate to the Vaults.
 36083 | D:15     | Entered Level 15 of the Dungeon
 36303 | D:15     | Found a staircase to the Depths.
 36524 | D:15     | Reached skill level 10 in Fighting
 36600 | D:15     | Identified Roxanne's Handbook of Sculpting
 36600 | D:15     | Noticed Roxanne
 37747 | D:15     | Killed Roxanne
 38001 | D:12     | Bought a ring of magical power for 280 gold pieces
 38001 | D:12     | Bought a ring of wizardry for 420 gold pieces
 38001 | D:12     | Bought a ring of flight for 245 gold pieces
 38254 | Shoals:1 | Entered Level 1 of the Shoals
 38570 | Shoals:1 | Noticed Jorgrun
 38663 | Shoals:1 | Killed Jorgrun
 39114 | Shoals:1 | Reached skill level 14 in Ice Magic
 39124 | Shoals:1 | Noticed a kraken
 39491 | Shoals:1 | Killed a kraken
 39670 | Shoals:1 | Noticed a titan
 39710 | Shoals:1 | Killed a titan
 40126 | Shoals:2 | Gained mutation: Your magical and physical power is
                  | slightly enhanced at high health. [demonic ancestry]
 40126 | Shoals:2 | Reached XP level 17. HP: 128/128 MP: 30/31
 40523 | Shoals:2 | Found Naotiaro's Distillery.
 40524 | Shoals:2 | Noticed Louise
 40530 | Shoals:2 | Reached skill level 10 in Dodging
 40531 | Shoals:2 | Killed Louise
 40567 | Shoals:2 | Found Abuigiumm's Magic Scroll Boutique.
 40574 | Shoals:2 | Bought a potion of heal wounds for 85 gold pieces
 40574 | Shoals:2 | Bought a potion of heal wounds for 85 gold pieces
 40574 | Shoals:2 | Bought a potion of mutation for 136 gold pieces
 40673 | Shoals:2 | Noticed a kraken
 40678 | Shoals:2 | Killed a kraken
 41033 | Shoals:2 | Found Tuiremil's Book Shoppe.
 41229 | Shoals:2 | Noticed a kraken
 41235 | Shoals:2 | Killed a kraken
 41436 | Shoals:2 | Offered knowledge of Maxwell's Capacitive Coupling by
                  | Vehumet.
 41443 | Shoals:2 | Bought 2 scrolls of teleportation for 96 gold pieces
 41917 | Shoals:3 | Identified the +2 ring mail of Qeth {+Blink Str+3}
 41958 | Shoals:3 | Found Oniot's Antique Weapon Shop.
 42551 | Shoals:4 | Entered Level 4 of the Shoals
 42825 | Shoals:4 | Reached skill level 1 in Evocations
 42836 | Shoals:4 | Got a barnacled rune of Zot
 43116 | Shoals:4 | Found a flickering gateway to a bazaar.
 43129 | Bazaar   | Entered a bazaar
 43198 | Bazaar   | Found Oveof Ynej's Antique Weapon Shop.
 43212 | Bazaar   | Found Fusast's Antique Armour Boutique.
 43226 | Bazaar   | Found Itipaug's Weapon Shop.
 43240 | Bazaar   | Found Lyzopaest's Armour Boutique.
 43268 | Bazaar   | Found Nien Zar's General Store.
 43282 | Bazaar   | Found Ecadiyp's Antique Armour Shop.
 44073 | Shoals:4 | Reached skill level 15 in Ice Magic
 44307 | Shoals:4 | Identified the +2 sling of the Mushroom {venom, *Corrode
                  | rF+ rC+ Dex+4}
 44808 | Spider:1 | Entered Level 1 of the Spider Nest
 44955 | Spider:1 | Reached ****** piety under Vehumet
 44955 | Spider:1 | Offered knowledge of Shatter by Vehumet.
 44955 | Spider:1 | Offered knowledge of Chain Lightning by Vehumet.
 44955 | Spider:1 | Offered knowledge of Ignition by Vehumet.
 45613 | Spider:1 | Gained mutation: You are powered by pain. [demonic
                  | ancestry]
 45613 | Spider:1 | Reached XP level 18. HP: 134/134 MP: 9/33
 47173 | Spider:2 | Reached skill level 15 in Conjurations
 48361 | Spider:3 | Noticed Donald
 48638 | Spider:3 | Reached skill level 10 in Polearms
 49611 | Spider:3 | Killed Donald
 49958 | Spider:4 | Entered Level 4 of the Spider Nest
 50165 | Spider:4 | Reached skill level 5 in Evocations
 50495 | Spider:4 | Reached skill level 16 in Ice Magic
 51285 | Spider:4 | Reached skill level 10 in Shields
 51360 | Spider:4 | Learned a level 9 spell: Polar Vortex
 51597 | Spider:4 | Identified the +3 ring mail of the Sky {Rampage Int+6}
 52962 | Spider:4 | Reached skill level 1 in Armour
 53472 | Spider:4 | Reached XP level 19. HP: 140/140 MP: 10/35
 53807 | Spider:4 | Got a gossamer rune of Zot
 54281 | Vaults:1 | Entered Level 1 of the Vaults
 54861 | Vaults:1 | Identified the +7 lajatang of the Dancing Hero {flame,
                  | SInv}
 55401 | Vaults:1 | Reached skill level 17 in Ice Magic
 56220 | Vaults:2 | Noticed Bai Suzhen
 56226 | Vaults:2 | Killed Bai Suzhen
 58926 | Vaults:3 | Reached skill level 5 in Armour
 59025 | Vaults:3 | Gained mutation: Your magical and physical power is
                  | enhanced at high health. [demonic ancestry]
 59025 | Vaults:3 | Reached XP level 20. HP: 120/147 MP: 28/36
 59640 | Vaults:3 | Reached skill level 18 in Ice Magic
 60154 | Vaults:3 | Noticed Margery
 60162 | Vaults:3 | Killed Margery
 60498 | Vaults:3 | Found a staircase to the Crypt.
 60782 | Vaults:3 | Found a runed translucent door.
 60782 | Vaults:3 | Found a shimmering altar of Xom.
 60782 | Vaults:3 | Noticed jombi's ghost (adept KoBe)
 61386 | Vaults:4 | Paralysed by a great orb of eyes for 4 turns
 61868 | Abyss:2  | Cast into level 2 of the Abyss (a wizard)
 61925 | Vaults:4 | Escaped the Abyss
 62833 | Vaults:4 | Found Fism's Book Shop.
 63639 | Depths:1 | Entered Level 1 of the Depths
 63768 | Depths:1 | Found a gateway to Hell.
 63794 | Depths:1 | Noticed the Enchantress
 63800 | Depths:1 | Killed the Enchantress
 63990 | Depths:1 | You fall into a shaft and drop 1 floor!
 63990 | Depths:2 | Noticed Vv
 64003 | Depths:2 | Slain by Vv

Illustrated notes

Levels and vault maps discovered:
D:1:      dpeg_arrival_chambers_temple_mockup, layout_basic,
          shapermc_ecumenical_altar_mp_vishouse, minivault_23
D:2:      layout_loops_ring, nicolae_figureground_pulse
D:3:      minmay_inner_zag, layout_rooms, lemuel_round_altar,
          mainiacjoe_overflow_boulevard, nicolae_overflow_hidden_temple,
          serial_rivers, chequers_serial_rivers_micro_e,
          chequers_serial_rivers_micro_a, chequers_serial_rivers_micro_b,
          chequers_serial_rivers_micro_a, chequers_serial_rivers_micro_c
D:4:      layout_loops_ring, nicolae_uskayaw_suspiria, serial_shops,
          kennysheep_mini_moat, nicolae_stop_n_shop_1, nicolae_shop_waterfront,
          nicolae_shop_advertising_works [nicolae_subvault_shop_adworks],
          nicolae_shop_behind_doors, uniq_duvessa
D:5:      layout_cave_pools, kennysheep_vampire_church,
          nicolae_wu_jian_wuxing_cycle, minmay_temple_entry_ruins
D:6:      layout_layer_cave, minmay_misc_feat_tower
D:7:      layout_gridville, serial_shops, nicolae_lakefront_shop,
          uniq_prince_ribbit1
D:8:      layout_layer_cave, nicolae_ru_path_of_blood, kennysheep_mini,
          uniq_joseph
D:9:      kennysheep_ambush_hall, layout_basic, dk_yredelemnul_ordeal,
          lair_entry_dummy, gammafunk_ghost_berserking_beasts
D:10:     layout_gridville, kennysheep_pointless_box, st_stairs_6,
          chequers_serial_rivers_micro_a
D:11:     layout_basic, zombieorc1_lemuel, serial_shops, shop,
          nicolae_trove_entry_path_of_doom, uniq_gastronok
D:12:     layout_roguey, serial_shops, shop, uniq_nergalle
D:13:     layout_long_grid, special_room [special_room_bee],
          nicolae_blasting_shop, uniq_josephine, uniq_kirke, uniq_frances
D:14:     layout_basic, david_vaults_4, hangedman_decor_diamond_cutter,
          lemuel_flamethrower_2
D:15:     grunt_enter_depths_giant_problem, layout_basic,
          hellmonk_bongcloud_opening, serial_rivers,
          chequers_serial_rivers_small_a, chequers_serial_rivers_micro_b,
          chequers_serial_rivers_small_b, chequers_serial_rivers_micro_e,
          uniq_roxanne
Temple:   jpeg_temple_clearing
Lair:1:   layout_chaotic_city, lightli_volcano_entry_magma_tube
Lair:2:   layout_regular_city, minmay_shoals_entry_hut, basic_altar,
          minmay_stone_trees_small, minmay_lindwurm_lava
Lair:3:   layout_gridlike, nicolae_spider_entry_tight_spaces,
          portal_ice_cave_entry_pillars_2, grunt_megastairs_5,
          infiniplex_staircase_pool_2, lemuel_fruit_tree
Lair:4:   layout_small_grid, gauntlet_entry_generic,
          nicolae_quartered_pool_little, roderic_carrion_pond,
          grunt_megastairs_1
Lair:5:   gammafunk_lair_ancient_temple, layout_cave_pods,
          dpeg_slime_entry_enclosed, cheibrodos_lair_lostbears
Shoals:1: cheibrodos_shoals_gigantism, layout_shoals, uniq_jorgrun
Shoals:2: layout_shoals, serial_shops, shop, shop, nicolae_square_shop,
          nicolae_shoals_lost_giant_amphitheater, uniq_louise
Shoals:3: layout_shoals, serial_shops, shop, nicolae_shoals_hunting_party
Shoals:4: shoals_end_simple, layout_shoals, serial_shops, bzr_in_the_mist
Spider:1: layout_spider_delve, hellmonk_deceptive_appearances,
          hangedman_spider_tarantella_strand
Spider:2: layout_spider_delve, drop_trap
Spider:3: layout_cave_pods, uniq_donald
Spider:4: grunt_spider_rune_circles, nicolae_spider_wall_of_niches
Orc:1:    layout_caves
Orc:2:    pubby_orc_utopia, serial_shops
Vaults:1: nicolae_vaults_windows_and_doors_thing, ontoclasm_vaults_spin,
          nicolae_vaults_disjoint_gnomons, nicolae_vaults_little_squares_6,
          nicolae_vaults_alarming, nicolae_vaults_network_square, v_misc_18,
          nicolae_vaults_rhombus_7, v_misc_17, nicolae_vaults_little_squares_3,
          nicolae_vaults_circle_grid_a, nicolae_vaults_c_with_doors,
          layout_vaults_maze_bifur
Vaults:2: nicolae_vaults_circle_grid_a, vaults_room_boxed,
          nicolae_vaults_network_barrier, grunt_vaults_focal,
          vaults_dpeg_spiral, ontoclasm_vaults_chip, vaults_room_corners,
          layout_vaults_omnigrid, uniq_bai_suzhen
Vaults:3: ebering_ghost_xom, nicolae_vaults_puzzle_piece, v_alt_pattern_2,
          minmay_crypt_entry_simple_statues, v_rooms_4, grunt_vaults_trifunnel,
          v_alt_pattern_2, nicolae_vaults_little_squares_4,
          hangedman_vaults_maws, ontoclasm_vaults_gateway, layout_vaults_ring,
          uniq_margery
Vaults:4: nicolae_vaults_little_squares_5, vaults_mumra_hexcomb,
          ontoclasm_vaults_fault, nicolae_vaults_big_angled_halls,
          vaults_room_semicircle, v_misc_28, vaults_mumra_minichess,
          vaults_room_fours, nicolae_vaults_specimen_jars, special_room_vaults
          [special_room_orc], vaults_dpeg_diagonal, serial_ice_b,
          layout_vaults_big_room, serial_shops, shop
Depths:1: layout_twisted_cross, hell_entry, minmay_mirror_moons_of_madness,
          grunt_megastairs_4, minmay_shoptagon, uniq_enchantress
Depths:2: grated_community_mu [grated_community_mu_vampire_home,
          grated_community_mu_giant_home, grated_community_mu_spellcaster_home,
          grated_community_mu_orcish_home, grated_community_mu_troll_home,
          grated_community_mu_taur_home, grated_community_mu_unbuilt_plot],
          layout_small_grid, pf_hell_entry_tar_river, rand_demon_pan_entry_3,
          special_room [special_room_mythical_zoo], serial_rivers,
          chequers_serial_rivers_small_a, chequers_serial_rivers_room_b,
          chequers_serial_rivers_large_b, chequers_serial_rivers_room_a,
          chequers_serial_rivers_room_b, abyss_entry_crystal,
          chequers_serial_rivers_small_a, uniq_vv

Skill      XL: |  1  2  3  4  5  6  7  8  9 10 11 12 13 14 15 16 17 18 19 20 |
---------------+-------------------------------------------------------------+-----
Stealth        | 2 3 4 5 |  5.0
Dodging        | 2 3 4 5 6 7 8 9 10 | 10.0
Ice Magic      | 4 5 6 7 8 9 10 11 12 14 15 16 17 18 | 18.9
Spellcasting   | 3 4 6 7 8 9 10 11 12 13 | 13.7
Fighting       | 1 2 3 4 5 6 7 8 9 10 | 10.0
Conjurations   | 3 4 6 8 9 11 13 14 15 | 15.0
Shields        | 1 3 4 5 6 8 9 10 | 10.0
Air Magic      | 1 3 4 5 |  5.0
Polearms       | 1 2 3 4 6 7 8 9 10 11 12 | 12.6
Evocations     | 3 5 7 9 |  9.1
Armour         | 1 5 7 |  7.1

Action                   |  1- 3 |  4- 6 |  7- 9 | 10-12 | 13-15 | 16-18 | 19-21 || total
-------------------------+-------+-------+-------+-------+-------+-------+-------++-------
Melee: Unarmed           |     5 |       |       |       |       |       |       ||     5
       Spear             |    44 |    48 |   209 |   592 |   558 |    90 |       ||  1541
       Dagger            |       |    45 |    57 |       |       |       |       ||   102
       Kick              |       |    17 |    76 |   151 |   237 |    70 |    39 ||   590
       Punch             |       |     1 |     1 |       |       |       |       ||     2
       Staff             |       |       |       |       |    17 |    51 |    55 ||   123
       Demon trident     |       |       |       |       |       |    29 |    26 ||    55
Throw: Javelin           |       |       |       |       |       |       |     1 ||     1
 Cast: Freeze            |    22 |    20 |    44 |    30 |    11 |       |       ||   127
       Frozen Ramparts   |       |     5 |    25 |    40 |    37 |    15 |     6 ||   128
       Ozocubu's Armour  |       |     3 |    28 |    54 |    63 |    19 |     9 ||   176
       Hailstorm         |       |       |     4 |    85 |    49 |     5 |     3 ||   146
       Sandblast         |       |       |     1 |    11 |       |       |       ||    12
       Mephitic Cloud    |       |       |       |    68 |    13 |    10 |     1 ||    92
       Sticky Flame      |       |       |       |     8 |    21 |    24 |     5 ||    58
       Ozocubu's Refrige |       |       |       |     6 |    46 |   436 |   289 ||   777
       Orb of Destructio |       |       |       |       |    55 |   142 |    36 ||   233
       Polar Vortex      |       |       |       |       |       |       |     6 ||     6
Evoke: Wand              |       |       |       |    31 |     5 |    18 |       ||    54
       Lightning rod     |       |       |       |       |     4 |     7 |       ||    11
       Tin of tremorston |       |       |       |       |     2 |     2 |       ||     4
       Condenser vane    |       |       |       |       |       |     1 |     1 ||     2
       Phial of floods   |       |       |       |       |       |     1 |       ||     1
  Use: Potion            |       |       |     3 |    10 |     8 |     1 |     9 ||    31
       Scroll            |       |       |    15 |    10 |    17 |    10 |     8 ||    60
 Stab: Sleeping          |     9 |     8 |     7 |    17 |     5 |     4 |     1 ||    51
       Distracted        |       |       |     1 |     6 |     1 |       |     1 ||     9
       Confused          |       |       |       |    14 |     7 |     3 |       ||    24
       Invisible         |       |       |       |     1 |       |       |       ||     1
Armor: Robe              |    10 |    18 |    58 |       |   154 |    22 |    51 ||   313
       Leather armour    |       |       |    26 |    95 |    53 |       |       ||   174
       Skin              |       |       |       |     9 |       |       |     1 ||    10
       Ring mail         |       |       |       |       |       |    66 |       ||    66
Dodge: Dodged            |    37 |    57 |   204 |   252 |   367 |   196 |   142 ||  1255
Block: Buckler           |       |       |    13 |   109 |   252 |   236 |   141 ||   751
       Reflection        |       |       |       |       |     1 |    18 |    20 ||    39
